 Dungeon Crawl Stone Soup version 0.22-a0-142-g91cc6d7 (webtiles) character file.

137 sankara the Conjurer (level 5, -4/38 HPs)
             Began as a Draconian Conjurer on Feb 5, 2018.
             Slain by Natasha (5 damage)
             ... on level 4 of the Dungeon.
             The game lasted 00:10:58 (2387 turns).

sankara the Conjurer (Draconian Conjurer)           Turns: 2387, Time: 00:10:58

Health: -4/38      AC:  5    Str: 10    XL:     5   Next: 0%
Magic:  6/9        EV: 12    Int: 16    God:
Gold:   138        SH:  0    Dex: 12    Spells: 2/10 levels left

rFire    + . .     SeeInvis .   a - +1 dagger (elec)
rCold    + . .     Gourm    .   (no shield)
rNeg     . . .     Faith    .   (armour unavailable)
rPois    .         Spirit   .   (helmet restricted)
rElec    .         Reflect  .   g - scarf {rC+ rF+}
rCorr    .         Harm     .   (no gloves)
MR       .....                  (no boots)
Stlth    ++........             (no amulet)
HPRegen  0.12/turn              (no ring)
MPRegen  0.11/turn              (no ring)

@: slowed, very slow
A: unfitting armour, cold-blooded, AC +5
a: no special abilities


You were on level 4 of the Dungeon.
You were not hungry.

You visited 1 branch of the dungeon, and saw 4 of its levels.

You collected 138 gold pieces.

Inventory:

Hand Weapons
 a - a +1 dagger of electrocution (weapon)
 b - a +0 hunting sling
 m - a +0 dagger
 o - a +0 long sword
Missiles
 c - 112 stones (quivered)
Armour
 g - a scarf of resistance (worn)
Scrolls
 k - a scroll of identify {unknown}
 l - a scroll of teleportation {unknown}
 n - a scroll of amnesia {unknown}
Potions
 d - a potion of brilliance {unknown}
 f - a potion of degeneration {unknown}
 i - a potion of lignification {unknown}
 j - 2 potions of haste {unknown}
 q - a potion of mutation {unknown}
Books
 e - a book of Conjurations

   Spells                             Type                      Level
   a - Magic Dart                     Conjuration                  1
   b - Searing Ray                    Conjuration                  2
   c - Dazzling Spray                 Conjuration/Hexes            3
   d - Fulminant Prism                Conjuration/Hexes            4
   e - Force Lance                    Conjuration/Translocation    4
   f - Iskenderun's Mystic Blast      Conjuration                  4
Comestibles
 h - 3 rations
 p - a chunk of flesh


   Skills:
 - Level 1.7 Dodging
 - Level 1.7 Stealth
 + Level 3.2 Spellcasting
 * Level 5.6 Conjurations


You had 2 spell levels left.
You knew the following spells:

 Your Spells              Type           Power        Failure   Level  Hunger
a - Magic Dart            Conj           ###.         1%          1    None
b - Dazzling Spray        Conj/Hex       ##....       17%         3    ###....
c - Iskenderun's Mystic   Conj           ###.....     19%         4    ####...


Dungeon Overview and Level Annotations

Branches:
Dungeon (3/15)

Altars:
Cheibriados
Gozag

Annotations:
D:4 Natasha


Innate Abilities, Weirdness & Mutations

Your plain brown scales are hard. (AC +5)
You cannot fit into any form of body armour.
You are cold-blooded and may be slowed by cold attacks.


Message History

Confirm with . or Enter, or press ? or * to list all spells.
Aiming: Dazzling Spray (safe; 17% risk of failure)
Press: ? - help, Shift-Dir - straight line, f - Natasha
Aim: Natasha (unusually strong)
The spray of energy hits Natasha.
Natasha is heavily wounded.
Natasha is dazzled.
Natasha barely misses you. Natasha claws you.
* * * LOW HITPOINT WARNING * * *
You closely miss Natasha.
You tail-slap Natasha, but do no damage.
Natasha is heavily wounded.
Natasha claws you.
* * * LOW HITPOINT WARNING * * *
You hit Natasha.
Natasha is severely wounded.
Natasha is no longer blind.
Natasha misses you.
The crimson imp blinks!
Natasha mumbles some strange words.
Natasha's front paws start to glow.
Natasha claws you.
You die...

.## ..# ## #.# #. #.#
. #. #.## #. #.
####..###### #.###.
#..........#
#.....###..........#
##.....5h@..........#
#.5....ยง##..........#
#.......##..........#
...$....##..........#
##.....##############
#...... #......
#...... ##....^


You could see Natasha and 2 crimson imps.

Vanquished Creatures
  A centaur skeleton (D:4)
  Jessica (D:2)
  3 gnolls
  An adder (D:2)
  A worm (D:2)
  2 leopard geckos
  2 giant cockroaches
  4 goblins
  4 hobgoblins
  2 jackals (D:1)
  8 kobolds
  A quokka (D:4)
  5 bats
  4 frilled lizards
  6 rats
45 creatures vanquished.

Notes
Turn   | Place    | Note
-------+----------+-------------------------------------------
     0 | D:1      | sankara the Draconian Conjurer began the quest for the Orb.
     0 | D:1      | Reached XP level 1. HP: 14/14 MP: 3/3
   407 | D:1      | Reached XP level 2. HP: 20/20 MP: 0/5
   553 | D:1      | Found a snail-covered altar of Cheibriados.
   913 | D:2      | Noticed Jessica
  1032 | D:2      | Found an opulent altar of Gozag.
  1092 | D:1      | Reached XP level 3. HP: 20/26 MP: 0/6
  1439 | D:1      | Learned a level 3 spell: Dazzling Spray
  1519 | D:2      | Reached skill level 5 in Conjurations
  1524 | D:2      | Killed Jessica
  1524 | D:2      | Reached XP level 4. HP: 7/33 MP: 0/8
  2087 | D:2      | Learned a level 4 spell: Iskenderun's Mystic Blast
  2360 | D:3      | You fall through a shaft!
  2372 | D:4      | Noticed Natasha
  2382 | D:4      | Reached XP level 5. HP: 11/38 MP: 9/9
  2386 | D:4      | HP: 1/38 [Natasha (6)]
  2387 | D:4      | Slain by Natasha

Vault maps used:
D:1:      dpeg_arrival_short_road, cheibriados_altar_1
D:2:      overflow_temple_1_default, first_ration, minmay_pentomino_v4,
          uniq_jessica
D:3:      st_stairs_8
D:4:      uniq_robin, uniq_duvessa, uniq_natasha

Skill      XL: |  1  2  3  4 |
---------------+-------------+-----
Conjurations   | 5 |  5.6
Spellcasting   | 3 |  3.2
Dodging        | |  1.7
Stealth        | |  1.7

Action                   |  1- 3 |  4- 6 || total
-------------------------+-------+-------++-------
Melee: Dagger            |    10 |    16 ||    26
       Tailslap          |       |     3 ||     3
 Fire: Hunting sling     |    45 |     8 ||    53
 Cast: Magic Dart        |    38 |    21 ||    59
       Dazzling Spray    |       |     1 ||     1
  Eat: Chunk             |     2 |     3 ||     5
Armor: Skin              |     8 |     6 ||    14
Dodge: Dodged            |    34 |    17 ||    51

Table legend:
 A = Spawn XP
 B = Non-spawn XP
 C = Spawn XP percentage of total XP
 D = Spawn monster count
 E = Non-spawn monster count
 F = Spawn count percentage of total count
 G = Total turns spent on level
                    A         B        C        D         E        F      G
               +---------+---------+-------+---------+---------+-------+---------
         Total |       0 |     196 |   0.0 |       0 |      45 |   0.0 |  2387
               +---------+---------+-------+---------+---------+-------+---------
           D:1 |       0 |      63 |   0.0 |       0 |      24 |   0.0 |  1609
           D:2 |       0 |      89 |   0.0 |       0 |      18 |   0.0 |   720
           D:3 |       0 |       1 |   0.0 |       0 |       1 |   0.0 |    31
           D:4 |       0 |      43 |   0.0 |       0 |       2 |   0.0 |    27
               +---------+---------+-------+---------+---------+-------+---------
